 Dungeon Crawl Stone Soup version 0.31-a0-931-g7b59d4eb97 (webtiles) character file.

Game seed: 10533501741055930448

106 Shayle the Trooper (level 4, -9/45 HPs)
             Began as an Ogre Hexslinger on Oct 20, 2023.
             Mangled by Menkaure (15 damage)
             ... on level 4 of the Dungeon.
             The game lasted 00:03:03 (2016 turns).

Shayle the Trooper (Ogre Hexslinger)                Turns: 2016, Time: 00:03:04

Health: -9/45      AC:  3    Str: 18    XL:     4   Next: 84%
Magic:  7/8        EV: 10    Int: 16    God:
Gold:   128        SH:  0    Dex: 11    Spells: 6/8 levels left

rFire   . . .        a - +1 sling
rCold   . . .        (no shield)
rNeg    . . .        c - +0 robe
rPois   .            (helmet restricted)
rElec   .            (no cloak)
rCorr   .            (gloves unavailable)
SInv    .            (boots unavailable)
Will    .....        (no amulet)
Stlth   +            f - +6 ring of strength
HPRegen 0.27/turn    (no ring)
MPRegen 0.11/turn

%: no passive effects
@: weak-willed
A: large, unfitting armour, tough skin 1
a: no special abilities


You were on level 4 of the Dungeon.
You visited 2 branches of the dungeon, and saw 5 of its levels.

You collected 128 gold pieces.

Inventory:

Hand Weapons
 a - a +1 sling (weapon)
Armour
 c - a +0 robe (worn)
Jewellery
 f - a +6 ring of strength (left hand)
Talismans
 j - a serpent talisman
Scrolls
 b - a scroll of poison
 e - 5 scrolls of identify {unknown}
 h - a scroll of fog {unknown}
 i - a scroll of enchant armour {unknown}
Potions
 d - a potion of curing
 g - a potion of attraction {unknown}


   Skills:
 + Level 3.5 Fighting
 - Level 1.3 Ranged Weapons
 + Level 2.9 Dodging
 + Level 2.9 Spellcasting
 - Level 2.6 Hexes
 - Level 0.8 Fire Magic


You had 6 spell levels left.
You knew the following spells:

 Your Spells              Type           Power      Damage    Failure   Level
a - Jinxbite              Hex            20%        N/A       10%         2

Your spell library contained the following spells:

 Spells                   Type           Power      Damage    Failure   Level
 Sigil of Binding         Hex            10%        N/A       19%         3
 Inner Flame              Hex/Fire       8%         N/A       26%         3
 Cause Fear               Hex            5%         N/A       52%         4
 Dimensional Bullseye     Hex/Tloc       3%         N/A       71%         4


Dungeon Overview and Level Annotations

Branches:
Dungeon (4/15)             Temple (1/1) D:4

Altars:
Dithmenos
Fedhas
Gozag
Makhleb
Qazlal
Vehumet
Wu Jian
Xom
The Shining One

Annotations:
D:4 Menkaure


Innate Abilities, Weirdness & Mutations

You are too large for most types of armour.
You have tough skin. (AC +1)


Message History

Menkaure casts a spell at you. Pain shoots through your body!
* * * LOW HITPOINT WARNING * * *
You shoot a sling bullet. The sling bullet hits Menkaure.
Menkaure is heavily damaged.
A giggling sprite leaps out and smacks Menkaure with his own hand.
Menkaure is severely damaged.
The jinxing sprites lose interest in you.
Menkaure hits you but does no damage. Menkaure closely misses you.
You shoot a sling bullet.
The sling bullet hits Menkaure but does no damage.
Menkaure is severely damaged.
Menkaure hits you!
* * * LOW HITPOINT WARNING * * *
Unknown command.
You shoot a sling bullet. The sling bullet hits Menkaure.
Menkaure is almost destroyed.
Menkaure misses you. Menkaure barely misses you.
It was a potion of curing.
You feel better.
Menkaure calls on the powers of darkness!
Your body is wracked with pain!
* * * LOW HITPOINT WARNING * * *
You feel better.
Menkaure mumbles, "It doesn't hurt if you pull your brain out of your nose yourself."
Menkaure calls on the powers of darkness!
Your body is wracked with pain!
* * * LOW HITPOINT WARNING * * *
You shoot a sling bullet.
The sling bullet hits Menkaure but does no damage.
Menkaure is almost destroyed.
Menkaure misses you. Menkaure hits you.
* * * LOW HITPOINT WARNING * * *
You shoot a sling bullet.
The sling bullet closely misses Menkaure.
Menkaure barely misses you.
Unknown command.
You shoot a sling bullet. The sling bullet hits Menkaure.
Menkaure is almost destroyed.
Menkaure seems less drained.
Menkaure barely misses you. Menkaure hits you!
You die...

##.# ...# #..#
##.. ## .
###..##.. ..##
...... #.. #.M# .
#@.# ##.## #..#
#######
#..#####.....####
#..#...#.....#...
##...)....>....⌠.
#.#...#.....#...
#.#####.....####
#.. #######


You could see Menkaure (fast).

Vanquished Creatures
  A hound (D:4)
  4 adders
  A worm (D:2)
  2 orcs (D:4)
  6 endoplasms
  2 giant cockroaches
  5 goblins
  5 hobgoblins
  3 kobolds
  2 quokkas
  A ball python (D:2)
  A bat (D:1)
  2 rats (D:1)
35 creatures vanquished.

Notes
Turn   | Place    | Note
-------+----------+-------------------------------------------
     0 | D:1      | Shayle the Ogre Hexslinger began the quest for the Orb.
     0 | D:1      | Reached XP level 1. HP: 19/19 MP: 2/2
   166 | D:1      | Reached XP level 2. HP: 28/28 MP: 4/4
   214 | D:1      | Reached skill level 2 in Fighting
   778 | D:2      | Reached XP level 3. HP: 36/36 MP: 6/6
   781 | D:2      | Learned a level 2 spell: Jinxbite
  1361 | D:3      | Found a shimmering altar of Xom.
  1363 | D:3      | Found a burning altar of Makhleb.
  1550 | D:4      | Reached skill level 3 in Fighting
  1660 | D:4      | Reached XP level 4. HP: 18/45 MP: 6/8
  1939 | D:4      | Found a staircase to the Ecumenical Temple.
  1948 | Temple   | Entered the Ecumenical Temple
  2003 | D:4      | Noticed Menkaure
  2016 | D:4      | Mangled by Menkaure

Illustrated notes

Levels and vault maps discovered:
D:1:      lemuel_arrival_muddy, layout_rooms, chequers_serial_rivers_room_b,
          wad_floor_pattern_2
D:2:      layout_loops_ring
D:3:      layout_basic, grunt_temple_overflow_champion_of_chaos,
          shapermc_ecumenical_altar_totnotflames, serial_park_tiny_1,
          minmay_vboxes
D:4:      lemuel_castle_with_subvaults [lemuel_castle_interior_carwin_2],
          layout_cave_pods, grunt_temple_overflow_octagram,
          minmay_temple_entry_antechambers, serial_shops, shop,
          hangedman_decor_growths, minmay_crystal_room,
          hangedman_abyss_or_decor_stabs, kennysheep_generic_room_7,
          uniq_menkaure, uniq_sigmund, uniq_edmund
Temple:   hellmonk_temple_of_storms

Skill      XL: |  1  2  3 |
---------------+----------+-----
Dodging        | 2 |  2.9
Fighting       | 2 3 |  3.5
Spellcasting   | 2 |  2.9
Ranged Weapons | |  1.3
Hexes          | |  2.6
Fire Magic     | |  0.8

Action                     |  1- 3 |  4- 6 || total
---------------------------+-------+-------++-------
   Fire: Sling             |   140 |    37 ||   177
   Cast: Jinxbite          |     1 |     3 ||     4
    Use: Potion            |       |     2 ||     2
 Armour: Robe              |    55 |    18 ||    73
  Dodge: Dodged            |    42 |    16 ||    58

Table legend: (Time is in decaauts)
 A = Elapsed time spent in this place.
 B = Non-inter-level travel time spent in this place.
 C = Inter-level travel time spent in this place.
 D = Time resting spent in this place.
 E = Time spent auto-exploring this place.
 F = Levels seen in this place.
 G = Mean time per level.
                   A        B        C        D        E       F      G
               +--------+--------+--------+--------+--------+-----+--------+
         Total |   2074 |   1990 |     84 |    240 |   1384 |   5 |  414.8 |
       Dungeon |   2072 |   1988 |     84 |    240 |   1384 |   4 |  518.0 |
        Temple |      1 |      1 |      0 |      0 |      0 |   1 |    1.0 |
               +--------+--------+--------+--------+--------+-----+--------+

Top non-repeatable levels by time:
     D:4: 652 daAuts
     D:2: 631 daAuts
     D:1: 604 daAuts
     D:3: 184 daAuts
  Temple: 1 daAuts
